 Dungeon Crawl Stone Soup version 0.28.0 (webtiles) character file.

Game seed: 3898723943380605379

482 mkm the Skirmisher (level 6, -5/60 HPs)
             Began as a Minotaur Berserker on Feb 9, 2022.
             Was a Believer of Trog.
             Killed by divine providence
             ... invoked by an orc priest
              (13 damage)
             ... on level 4 of the Dungeon.
             The game lasted 00:08:14 (4164 turns).

mkm the Skirmisher (Minotaur Berserker)             Turns: 4164, Time: 00:08:15

Health: -5/60      AC:  5    Str: 21    XL:     6   Next: 87%
Magic:  5/5        EV: 12    Int:  4    God:    Trog [**....]
Gold:   138        SH:  0    Dex: 12    Spells: 5/5 levels left

rFire   . . .      SeeInvis .   r - +0 hand axe
rCold   . . .      Faith    .   (no shield)
rNeg    . . .      Spirit   .   x - +0 ring mail
rPois   .          Reflect  .   (helmet restricted)
rElec   .          Harm     .   (no cloak)
rCorr   .          Rampage  .   (no gloves)
Will    ++...                   (no boots)
Stlth   +.........              (no amulet)
HPRegen 1.20/turn               (no ring)
MPRegen 0.09/turn               (no ring)

@: strong-willed, regenerating
A: horns 2, retaliatory headbutt
a: Renounce Religion, Berserk, Trog's Hand


You were on level 4 of the Dungeon.
You worshipped Trog.
Trog was pleased with you.
You visited 1 branch of the dungeon, and saw 4 of its levels.

You collected 138 gold pieces.

Inventory:

Hand Weapons
 a - a +0 mace
 r - a +0 hand axe (weapon)
Armour
 x - a +0 ring mail (worn)
Jewellery
 f - an amulet of magic regeneration
Scrolls
 c - a scroll of magic mapping
 k - a scroll of enchant armour {unknown}
 m - a scroll of teleportation
 n - a scroll of noise {unknown}
 o - a scroll of amnesia {unknown}
 s - a scroll of holy word {unknown}
 t - a scroll of blinking
 u - a scroll of identify
 v - a scroll of summoning {unknown}
 w - a scroll of immolation {unknown}
Potions
 d - a potion of lignification {unknown}
 e - 2 potions of degeneration {unknown}
 g - 5 potions of heal wounds
 h - a potion of ambrosia {unknown}
 i - a potion of brilliance {unknown}
 j - a potion of might {unknown}
 p - a potion of haste {unknown}
 q - a potion of curing {unknown}


   Skills:
 + Level 7.2 Fighting
 + Level 1.4(2.7) Axes
 - Level 3.6(3.8) Maces & Flails
 + Level 3.8 Armour
 + Level 4.8 Dodging


You had 5 spell levels left.
You didn't know any spells.
Your spell library was empty.

Dungeon Overview and Level Annotations

Branches:
Dungeon (4/15)
 Temple: D:4-7

Altars:

Shops:
D:2 =   D:3 [


Innate Abilities, Weirdness & Mutations

You have a pair of horns on your head.
You reflexively headbutt those who attack you in melee.


Message History

You headbutt the orc.
You kill the orc!
Trog accepts your kill.
You hear a shout! x2
The orc wizard hits you but does no damage.
You completely miss the orc wizard. Your headbutt misses the orc wizard.
The orc wizard points at you and mumbles some strange words.
You are confused.
An orc priest comes into view. It is wielding a +0 hand axe.
The orc wizard hits you with a +0 dagger.
The orc priest mumbles some strange prayers to Beogh against you.
Pain shoots through your body!
You barely miss the orc wizard.
You hit the orc priest but do no damage.
The orc wizard hits you but does no damage.
The orc priest barely misses you.
The orc wizard gestures at you while chanting.
The magic dart hits you.
The orc priest invokes the aid of Beogh against you.
Beogh smites you! The orc wizard misses you.
The orc priest calls down the wrath of Beogh upon you.
Beogh smites you!
* * * LOW HITPOINT WARNING * * *
You feel less confused. The orc wizard closely misses you.
The orc priest hits you with a +0 hand axe.
* * * LOW HITPOINT WARNING * * *
You miss the orc wizard.
You hit the orc priest but do no damage.
A giant cockroach comes into view.
The orc wizard hits you with a +0 dagger.
* * * LOW HITPOINT WARNING * * *
The orc priest barely misses you.
Your skin crawls.
You feel strong-willed.
The orc wizard hits you but does no damage.
The orc priest mumbles some strange prayers to Beogh against you.
Beogh smites you!
You die...

#........#
###..##.##
#..##.#
#######.)##.#
#........##.#
#.######.##.#
#.##.##
#..)..#
####o@# #o.#
....# ####.#
#.# #B# ..#
###


You could see an orc priest, an orc wizard and a giant cockroach.

Vanquished Creatures
  An ice beast (D:3)
  A gnoll sergeant (D:4)
  A gnoll shaman (D:3)
  An iguana (D:4)
  An orc wizard (D:3)
  10 gnolls
  5 adders
  An adder skeleton (D:4)
  3 worms
  3 dart slugs
  4 orcs
  7 endoplasms
  2 giant cockroaches
  9 hobgoblins
  8 jackals (D:1)
  5 kobolds
  15 ball pythons
  3 bats (D:1)
  2 frilled lizards
  8 goblins
  8 rats
98 creatures vanquished.

Notes
Turn   | Place    | Note
-------+----------+-------------------------------------------
     0 | D:1      | mkm the Minotaur Berserker began the quest for the Orb.
     0 | D:1      | Reached XP level 1. HP: 19/19 MP: 0/0
    92 | D:1      | Reached skill level 4 in Fighting
    96 | D:1      | Reached XP level 2. HP: 17/27 MP: 1/1
   686 | D:1      | Found a faded altar of an unknown god.
   728 | D:1      | Reached ** piety under Trog
   729 | D:1      | Reached XP level 3. HP: 34/34 MP: 2/2
  1133 | D:2      | Reached skill level 5 in Fighting
  1456 | D:2      | Reached XP level 4. HP: 42/42 MP: 3/3
  1474 | D:2      | Found Cashrig's One-of-a-Kind Rings.
  2082 | D:3      | Found Etru's Antique Armour Shoppe.
  2196 | D:3      | Reached XP level 5. HP: 22/50 MP: 4/4
  2274 | D:3      | Reached skill level 6 in Fighting
  2748 | D:3      | Noticed an ice beast
  2762 | D:3      | Killed an ice beast
  2763 | D:3      | Reached XP level 6. HP: 36/58 MP: 5/5
  3830 | D:4      | Reached skill level 7 in Fighting
  3830 | D:4      | Reached skill level 1 in Axes
  4164 | D:4      | Killed from afar by an orc priest

Illustrated notes

Levels and vault maps discovered:
D:1:      dpeg_arrival_concentric_ovals, layout_basic,
          shapermc_ecumenical_altar_notcrosses
D:2:      layout_basic, nicolae_shop_unique_rings, nrook_mini_vaults
D:3:      layout_loops_ring, serial_shops, shop
D:4:      layout_loops_ring

Skill      XL: |  1  2  3  4  5  6 |
---------------+-------------------+-----
Fighting       | 4 5 6 7 |  7.2
Dodging        | 3 4 |  4.8
Armour         | 3 |  3.8
Axes           | 1 |  1.4
Maces & Flails | |  3.6

Action                   |  1- 3 |  4- 6 || total
-------------------------+-------+-------++-------
Melee: Mace              |    76 |    59 ||   135
       Headbutt          |    11 |    30 ||    41
       Punch             |     1 |     3 ||     4
       Hand axe          |       |    69 ||    69
Invok: Trog's Hand       |       |     8 ||     8
       Berserk           |       |     4 ||     4
  Use: Scroll            |       |     4 ||     4
 Stab: Sleeping          |     1 |       ||     1
Armor: Animal skin       |    16 |     5 ||    21
       Leather armour    |       |    15 ||    15
       Ring mail         |       |     9 ||     9
Dodge: Dodged            |    70 |    96 ||   166
